[Event "Early-Titled-Tuesday-Blitz-March-19-2024"]
[Site "Chess.com"]
[Date "2024.03.19"]
[Round "3"]
[White "ritanovikova"]
[Black "KorolDimitriy75"]
[Result "1/2-1/2"]
[WhiteElo "2215"]
[BlackElo "2411"]
[TimeControl "180+1"]
[EndTime "8:28:49 PDT"]
[Termination "Game drawn by repetition"]

1. e4 c5 2. Nc3 g6 3. d3 Bg7 4.
Be3 d6 5. Qd2 Nc6 6. g3 e5 7. Bg2 Nge7 8. Bh6 Bxh6 9. Qxh6 Nd4 10.
O-O-O Be6 11. f4 Qa5 12. fxe5 dxe5 13. Qg7 O-O-O 14. Qxe5 Nec6 15. Qg5 Nb4 16. Bh3 Nxa2+ 17. Nxa2 Qxa2 18. Qxc5+ Kb8 19. Qa3 Qxa3 20. bxa3 Rc8 21. c4 b5 22. Bxe6 fxe6 23. Kd2 bxc4 24. Ne2 Nxe2 25.
Kxe2 cxd3+ 26. Rxd3 Rc2+ 27. Ke3 Rf8 28. Rd7 e5 29. Rb1+ Kc8 30. Rxa7 Rff2 31. Rc1 Re2+ 32.
Kf3 Rf2+ 33. Ke3 Re2+ 34. Kf3 Rf2+ 35. Ke3 1/2-1/2

[Event "Early-Titled-Tuesday-Blitz-March-19-2024"]
[Site "Chess.com"]
[Date "2024.03.19"]
[Round "3"]
[White "AndresDelgado77"]
[Black "djokovic74"]
[Result "0-1"]
[WhiteElo "2323"]
[BlackElo "2745"]
[TimeControl "180+1"]
[EndTime "8:28:50 PDT"]
[Termination "djokovic74 won on time"]

1. e4 e6 2. d4 d5 3. e5 c5 4. c3 Nc6 5. Nf3 Qb6 6. Bd3 cxd4 7.
a3 Bd7 8. O-O Nge7 9. Kh1 Ng6 10. cxd4 Be7 11. Nc3 Na5 12. b4 Nc4 13. Bxc4 dxc4 14.
d5 O-O 15. Be3 Qa6 16. d6 Bd8 17. Ne4 b6 18. h4 Qb7 19. Qd4 Bc6 20. Nfd2 Nxh4 21.
Qxc4 f5 22. exf6 Bd5 23. Qd4 gxf6 24. Rg1 Qg7 25. g3 Nf5 26. Qc3 Nxe3 27. fxe3 f5 28.
Qxg7+ Kxg7 29. Kh2 fxe4 30. Rg2 Bf6 31. Rc1 Rad8 32. Rc7+ Rf7 33. g4 Be5+ 34. Kh3 Bxd6 35. Rxf7+ Kxf7 36. Rf2+ Kg7 0-1

[Event "Early-Titled-Tuesday-Blitz-March-19-2024"]
[Site "Chess.com"]
[Date "2024.03.19"]
[Round "3"]
[White "MarcoRiehle"]
[Black "mitrabhaa"]
[Result "0-1"]
[WhiteElo "2808"]
[BlackElo "3080"]
[TimeControl "180+1"]
[EndTime "8:28:51 PDT"]
[Termination "mitrabhaa won by checkmate"]

1. e4 c6 2. c4 d5 3. exd5 cxd5 4. d4 Nf6 5. Nc3 g6 6. Nf3 Bg7 7. cxd5 Nxd5 8. Bc4 Nb6 9. Bb3 O-O 10. h3 Nc6 11.
Be3 Na5 12. Bc2 Nac4 13. Rb1 Nxe3 14. fxe3 e5 15. O-O exd4 16. exd4 Be6 17. Be4 Nd5 18. Qd2 h6 19. Ne5 Nxc3 20. Qxc3 Rc8 21. Qe3 Qb6 22. Qf2 Rfd8 23. Rbd1 Rc7 24. b3 a5 25. Nf3 Rcd7 26.
Rd2 Bd5 27. Bxd5 Rxd5 28. Rfd1 Qd6 29. Qe3 b6 30. Qf2 Bf6 31. Qe3 Kg7 32. Qf2 Re8 33. Rf1 Rf5 34. Re1 Rd8 35. Red1 Qd5 36. Qe2 h5 37. Qe3 Rd6 38. Rc2 Re6 39. Qf2 Re4 40. Rcd2 Ref4 41. Rd3 Re4 42. R3d2 g5 43. Qg3 g4 44.
hxg4 Rxg4 45. Qxg4+ hxg4 46. Ne5 Bxe5 47. dxe5 Qc5+ 48.
Kh2 Qxe5+ 49. Kg1 Qe3+ 50. Kh2 Rh5# 0-1

[Event "Early-Titled-Tuesday-Blitz-March-19-2024"]
[Site "Chess.com"]
[Date "2024.03.19"]
[Round "3"]
[White "IraZyne"]
[Black "tetrix83"]
[Result "0-1"]
[WhiteElo "2341"]
[BlackElo "2606"]
[TimeControl "180+1"]
[EndTime "8:28:51 PDT"]
[Termination "tetrix83 won by checkmate"]

1. e4 c5 2. Nc3 Nc6 3. g3 g6 4.
Bg2 Bg7 5. Nge2 d6 6. d3 e5 7. O-O Nge7 8. Be3 O-O 9. f4 Nd4 10. Qd2 Be6 11. a4 Qd7 12. a5 Rae8 13. fxe5 dxe5 14. Bg5 f6 15. Be3 Rf7 16. Nc1 Rd8 17. Nd1 c4 18. Nf2 Nec6 19. a6 b6 20. c3 Nb5 21.
Qc2 Na5 22. Rd1 Qc8 23. Ne2 cxd3 24. Rxd3 Rxd3 25. Qxd3 Bc4 26. Qc2 Rd7 27. Re1 Bb3 28. Qc1 Nc4 29. Bh3 Qc7 30. Be6+ Kh8 31. Bxd7 Qxd7 32.
Bh6 g5 33. Bxg7+ Kxg7 34. h3 h5 35. Nd1 Qd3 36. Kg2 Qxe4+ 37. Kf2 Qf5+ 38. Kg1 Qxh3 39.
Ne3 Nxe3 40. Qxe3 Bd5 41. Nf4 gxf4 42. Qd2 Qh1+ 43. Kf2 Qg2# 0-1

[Event "Early-Titled-Tuesday-Blitz-March-19-2024"]
[Site "Chess.com"]
[Date "2024.03.19"]
[Round "3"]
[White "NikitaShnadrygin"]
[Black "Laico"]
[Result "1-0"]
[WhiteElo "2713"]
[BlackElo "2429"]
[TimeControl "180+1"]
[EndTime "8:28:51 PDT"]
[Termination "NikitaShnadrygin won by resignation"]

1. e4 e6 2. d4 d5 3. Nd2 Nf6 4. e5 Nfd7 5. f4 c5 6. c3 Nc6 7.
Ndf3 f6 8. Bd3 Qb6 9. Ne2 cxd4 10. cxd4 Bb4+ 11. Bd2 O-O 12. Bxb4 Qxb4+ 13. Qd2 Nb6 14. Rc1 Bd7 15. a3 Qxd2+ 16. Kxd2 Rac8 17. b3 Na5 18.
Rxc8 Rxc8 19. Rb1 Kf7 20. h4 Kg8 21. g4 Rc7 22. Bc2 Bb5 23. Nc3 Ba6 24. h5 Nc6 25.
Rg1 Rf7 26. Ke3 Rc7 27. Kd2 Rf7 28. f5 fxe5 29. Nxe5 Nxe5 30. dxe5 exf5 31. gxf5 Re7 32. f6 Rc7 33. e6 Kh8 34. f7 1-0

[Event "Early-Titled-Tuesday-Blitz-March-19-2024"]
[Site "Chess.com"]
[Date "2024.03.19"]
[Round "3"]
[White "Jumbo"]
[Black "MatyChess1"]
[Result "1/2-1/2"]
[WhiteElo "2900"]
[BlackElo "2662"]
[TimeControl "180+1"]
[EndTime "8:28:52 PDT"]
[Termination "Game drawn by repetition"]

1. d4 Nf6 2. Nf3 e6 3. Bf4 Be7 4. e3 O-O 5. h3 c5 6. Nbd2 b6 7. a4 Bb7 8. Bd3 d5 9. c3 Ne4 10. a5 bxa5 11. Qa4 Nxd2 12. Nxd2 Nc6 13. O-O Qb6 14.
Rfb1 Rfc8 15. Be2 h6 16. Nb3 cxd4 17. exd4 Ba6 18. Bxa6 Qxa6 19. Nxa5 Nxa5 20. Qxa5 Qe2 21. Qa6 Qe4 22. Bg3 h5 23. Re1 Qg6 24. Qb7 h4 25.
Bh2 Bf8 26. Rxa7 Rxa7 27. Qxc8 Qe4 28. Rf1 f5 29. Be5 Rf7 30. Qxe6 f4 31. Ra1 f3 32.
gxf3 Qxf3 33. Ra7 Qxf2+ 34. Kh1 Qf1+ 35. Kh2 Qf2+ 36. Kh1 Qf1+ 37. Kh2 Qf2+ 38. Kh1 1/2-1/2

[Event "Early-Titled-Tuesday-Blitz-March-19-2024"]
[Site "Chess.com"]
[Date "2024.03.19"]
[Round "3"]
[White "Chessbard1972"]
[Black "maurovargas01"]
[Result "1-0"]
[WhiteElo "2337"]
[BlackElo "1828"]
[TimeControl "180+1"]
[EndTime "8:28:52 PDT"]
[Termination "Chessbard1972 won on time"]

1. d4 d5 2. c4 c6 3. Nf3 e6 4. Qc2 Nf6 5. Nbd2 Bd6 6. g3 Bc7 7. Bg2 Nbd7 8. O-O O-O 9. b3 dxc4 10.
Nxc4 Nb6 11. Ba3 Re8 12. Nce5 a5 13. Rfd1 Nbd5 14. e4 Nb4 15. Qe2 b6 16. Bxb4 axb4 17. Nxc6 Qd7 18. Nxb4 Bd6 19. Nd3 Ba6 20. e5 Nd5 21.
exd6 Nc3 22. Qd2 Nxd1 23. Rxd1 Qxd6 24. Nfe5 Rac8 25. Nb4 Be2 26. Re1 Bh5 27. Nec6 f6 28.
Qe3 e5 29. dxe5 fxe5 30. Bd5+ Kh8 31. a3 Bg6 32. Qxb6 e4 33. Qd4 Rc7 34. Rd1 Rec8 35. Bxe4 Qe7 36. Nxe7 Rxe7 37. Bxg6 1-0

[Event "Early-Titled-Tuesday-Blitz-March-19-2024"]
[Site "Chess.com"]
[Date "2024.03.19"]
[Round "3"]
[White "DanielDardha2005"]
[Black "xakevicius91"]
[Result "1-0"]
[WhiteElo "2861"]
[BlackElo "2538"]
[TimeControl "180+1"]
[EndTime "8:28:53 PDT"]
[Termination "DanielDardha2005 won by resignation"]

1. d4 Nf6 2. Bg5 e6 3. e4 h6 4. Bxf6 Qxf6 5. e5 Qd8 6. Qg4 d6 7. Nc3 dxe5 8. dxe5 Nc6 9. Nf3 Qe7 10. O-O-O Bd7 11. Bb5 O-O-O 12. Rd2 Qb4 13. Qg3 g6 14.
Rhd1 Be7 15. a3 Qc5 16. Qf4 a6 17. Bxc6 Bxc6 18. Qxf7 Bxf3 19. Rxd8+ Rxd8 20. Qxe6+ Kb8 21. Rxd8+ Bxd8 22. gxf3 Qxf2 23. Kb1 Qxf3 24. Qe8 Kc8 25. e6 Qf1+ 26. Ka2 Qc4+ 27. Ka1 Qf1+ 28. Ka2 Qc4+ 29. b3 Qc5 30. Kb2 Qe7 31. Qxg6 Qc5 32. Qxh6 Be7 33. Qh8+ Bf8 34. b4 Qe7 35. Nd5 Qg7+ 36. Qxg7 Bxg7+ 37. c3 Kd8 38. Kc2 c6 39. Ne3 Ke7 40. Nf5+ Kf6 41. e7 1-0

[Event "Early-Titled-Tuesday-Blitz-March-19-2024"]
[Site "Chess.com"]
[Date "2024.03.19"]
[Round "3"]
[White "DanielTitichoca"]
[Black "LuisFSiles"]
[Result "1-0"]
[WhiteElo "2468"]
[BlackElo "2278"]
[TimeControl "180+1"]
[EndTime "8:28:53 PDT"]
[Termination "DanielTitichoca won by resignation"]

1. c4 Nf6 2. Nc3 g6 3. g3 Bg7 4.
Bg2 O-O 5. e4 d6 6. Nge2 c5 7.
O-O Nc6 8. d3 Bg4 9. h3 Bxe2 10.
Nxe2 Ne8 11. Rb1 Nc7 12. a3 a5 13. f4 Ne6 14. g4 Ned4 15. Ng3 e6 16. g5 f6 17.
gxf6 Qxf6 18. b3 Qh4 19. Qg4 Qxg3 20. Qxg3 Ne2+ 21. Kh2 Nxg3 22. Kxg3 Rad8 23. h4 Nd4 24. Rf2 Bh6 25. Kg4 e5 26. f5 Bxc1 27. Rxc1 Nxb3 28.
Rg1 Rd7 29. f6 h6 30. h5 Rdf7 31. hxg6 Rxf6 32. Rxf6 Rxf6 33. Kh5 Kg7 34. Bh3 Rf3 35. Bg4 Rxd3 36. Rf1 Rg3 37. Rf7+ Kg8 38. Rxb7 Nd4 39. Kxh6 Nc6 40. Be6+ Kf8 41. g7+ Ke8 42. g8=Q+ 1-0

[Event "Early-Titled-Tuesday-Blitz-March-19-2024"]
[Site "Chess.com"]
[Date "2024.03.19"]
[Round "3"]
[White "picturesquecheck"]
[Black "aljado"]
[Result "1-0"]
[WhiteElo "2437"]
[BlackElo "2087"]
[TimeControl "180+1"]
[EndTime "8:28:54 PDT"]
[Termination "picturesquecheck won by resignation"]

1. e4 c5 2. Nf3 e6 3. d4 cxd4 4. Nxd4 a6 5. Be2 Qc7 6. O-O Nf6 7. Nc3 Nc6 8. Be3 b5 9. a3 Bb7 10. f4 d6 11. Kh1 Be7 12. Bf3 O-O 13. Nxc6 Bxc6 14.
Qd3 Rac8 15. Rae1 Rfd8 16. Qe2 Qb7 17. Bd4 e5 18. fxe5 dxe5 19. Bxe5 b4 20. axb4 Qxb4 21.
Nd5 Nxd5 22. exd5 Bb5 23. Qf2 Bxf1 24. Rxf1 Qc4 25. Bg4 Qxd5 26. Bxc8 Rxc8 27. Bc3 Rf8 28. Qg3 f6 29. h3 Bd6 30. Qg4 Qb5 31. Rd1 Be5 32.
Qe6+ Kh8 33. Bxe5 fxe5 34. Kh2 Qe2 35. Qf7 Rg8 36. Rd6 e4 37. Re6 Qxc2 38. Re8 Qc7+ 39. Qxc7 Rxe8 40. Qc6 Rg8 41. Qxa6 h6 42. Qe2 Re8 43. Kg3 Kg8 44. b4 Kf7 45. b5 Kf6 46. b6 Ke5 47. b7 Kd4 48. Qb2+ Kd3 49. b8=Q Rxb8 50. Qxb8 1-0

[Event "Early-Titled-Tuesday-Blitz-March-19-2024"]
[Site "Chess.com"]
[Date "2024.03.19"]
[Round "3"]
[White "ExtremeLearner"]
[Black "DraningWaterHi"]
[Result "0-1"]
[WhiteElo "2562"]
[BlackElo "2250"]
[TimeControl "180+1"]
[EndTime "8:28:55 PDT"]
[Termination "DraningWaterHi won by resignation"]

1. d4 e6 2. c4 Nf6 3. Nc3 c5 4. d5 exd5 5. cxd5 d6 6. e4 g6 7.
f4 Bg7 8. Bb5+ Bd7 9. a4 a6 10.
Bd3 O-O 11. Nf3 Re8 12. O-O Bg4 13. h3 Bxf3 14. Qxf3 Nbd7 15. Be3 Rb8 16. Rae1 Qa5 17. g4 Qb4 18. Re2 c4 19. Bb1 b5 20. axb5 axb5 21. Bd4 Nc5 22. e5 Nfd7 23. Ne4 Nxe4 24. Bxe4 Re7 25. Bc3 Qc5+ 26. Kg2 dxe5 27. f5 b4 28. Bd2 Qd6 29. Bg5 f6 30. Be3 g5 31. h4 h6 32. Rh1 Rc8 33. hxg5 fxg5 34. f6 Nxf6 35. Qf5 Nxe4 36. Qxc8+ Kh7 37.
Qf5+ Qg6 38. Qxg6+ Kxg6 39. Ra1 Nf6 40. Ra6 Kh7 41. Kh3 Nxd5 42. Bc5 Nf4+ 43. Kh2 Rc7 44.
Bd6 Rd7 45. Re4 c3 46. bxc3 bxc3 47. Bxe5 c2 48. Rc6 Re7 49. Rxf4 Bxe5 50. Rxc2 Bxf4+ 51. Kh3 Re3+ 52. Kg2 Rg3+ 53. Kh1 Rxg4 54. Rc7+ Kg6 55. Rg7+ Kf5 56. Rf7+ Ke4 57. Re7+ Kf3 58. Re3+ Bxe3 0-1

[Event "Early-Titled-Tuesday-Blitz-March-19-2024"]
[Site "Chess.com"]
[Date "2024.03.19"]
[Round "3"]
[White "Barmen_EV"]
[Black "BeautiFullMindChess"]
[Result "1-0"]
[WhiteElo "2556"]
[BlackElo "2298"]
[TimeControl "180+1"]
[EndTime "8:28:55 PDT"]
[Termination "Barmen_EV won by resignation"]

1. e4 c5 2. c3 Nf6 3. e5 Nd5 4.
d4 cxd4 5. Nf3 d6 6. cxd4 dxe5 7.
dxe5 Nc6 8. Bc4 Be6 9. Qe2 g6 10.
O-O Bg7 11. Rd1 O-O 12. Qe4 Nf6 13. Qe1 Nd7 14. Bxe6 fxe6 15. Ng5 Rf5 16. Nxe6 Qc8 17.
Nxg7 Rxe5 18. Qc3 Rc5 19. Qh3 Kxg7 20. Nc3 Nf6 21. Qe3 Re5 22. Qh6+ Kg8 23. h3 Qe6 24. Be3 Rf8 25. Ne2 Nd5 26. Nd4 Qf6 27. Nxc6 bxc6 28. Bd4 Qf5 29. Bxe5 Qxe5 30. Qd2 Qf6 31. Re1 Nf4 32.
Qe3 e6 33. Qf3 Qg5 34. Kh2 e5 35. Qg3 Qf5 36. Re3 Nd5 37. Rf3 Qe6 38. Rxf8+ Kxf8 39. Re1 e4 40. Qh4 Kg7 41. Qxe4 Qxe4 42. Rxe4 Kf6 43. Ra4 1-0

[Event "Early-Titled-Tuesday-Blitz-March-19-2024"]
[Site "Chess.com"]
[Date "2024.03.19"]
[Round "3"]
[White "MikeSailer"]
[Black "Arteler"]
[Result "0-1"]
[WhiteElo "2113"]
[BlackElo "2387"]
[TimeControl "180+1"]
[EndTime "8:28:55 PDT"]
[Termination "Arteler won on time"]

1. d4 Nf6 2. Nf3 g6 3. Bf4 Bg7 4. e3 d6 5. Be2 Nbd7 6. h3 O-O 7. O-O Re8 8. c4 b6 9. Nc3 Bb7 10. b4 a5 11. a3 Nh5 12. Bh2 axb4 13. axb4 c5 14.
bxc5 bxc5 15. Nb5 Ba6 16. Qb3 Qb6 17. Rfb1 Reb8 18. Qc2 Bxb5 19. Rxa8 Rxa8 20. cxb5 cxd4 21. Nxd4 Bxd4 22. exd4 Qxd4 23. Bxh5 gxh5 24. Bg3 Nc5 25. Kh2 h4 26. Qf5 hxg3+ 27. fxg3 Qe4 28. Qg5+ Qg6 29. Qxe7 Qxb1 30. Qxd6 Qxb5 0-1

[Event "Early-Titled-Tuesday-Blitz-March-19-2024"]
[Site "Chess.com"]
[Date "2024.03.19"]
[Round "3"]
[White "MetiForce"]
[Black "NelsonLinda"]
[Result "1-0"]
[WhiteElo "2919"]
[BlackElo "2648"]
[TimeControl "180+1"]
[EndTime "8:28:57 PDT"]
[Termination "MetiForce won on time"]

1. d4 d5 2. c4 dxc4 3. Nf3 Nf6 4. e3 e6 5. Bxc4 c5 6. O-O a6 7. Be2 Nbd7 8. b3 b5 9. a4 b4 10. Bb2 Bb7 11. Nbd2 Be7 12. Nc4 O-O 13. Rc1 Ne4 14.
Nfe5 Ndf6 15. dxc5 Nxc5 16. Bd4 Rc8 17. Qc2 Be4 18. Qb2 Nd5 19. f3 Bf5 20. Rfd1 f6 21. e4 fxe5 22. Bxe5 Nxe4 23. fxe4 Bxe4 24. Bg4 Bc5+ 25.
Bd4 Qe7 26. Bxc5 Rxc5 27. Qd4 Nc3 28. Rxc3 bxc3 29. Qxe4 Kh8 30. h3 h5 31. Be2 Qg5 32.
Bd3 Rff5 33. Qxe6 Rce5 34. Nxe5 Rxe5 35. Qc8+ 1-0

[Event "Early-Titled-Tuesday-Blitz-March-19-2024"]
[Site "Chess.com"]
[Date "2024.03.19"]
[Round "3"]
[White "chess123456s"]
[Black "XDPS"]
[Result "0-1"]
[WhiteElo "2558"]
[BlackElo "2908"]
[TimeControl "180+1"]
[EndTime "8:28:58 PDT"]
[Termination "XDPS won by resignation"]

1. e4 c5 2. Nf3 e6 3. g3 Nc6 4.
Bg2 Nf6 5. Nc3 d6 6. O-O Be7 7. d3 O-O 8. Ng5 h6 9. Nh3 Rb8 10. f4 Nd4 11. a4 a6 12. g4 Nh7 13. f5 Ng5 14. Nf4 Bf6 15. Nh5 Be5 16. f6 g6 17.
Bxg5 hxg5 18. Qd2 Kh7 19. Qxg5 Rh8 20. Rf2 Qf8 21. Nf4 Qh6 22. Qxh6+ Kxh6 23. h4 g5 24. hxg5+ Kxg5 25. Nh3+ Kxg4 26. Nd1 Bd7 27. Ne3+ Kh4 28.
c3 Nc6 29. Raf1 Rbg8 30. Kh1 Rg3 31. Nc4 Rxd3 32. Nxe5 Nxe5 33. Rf4+ Kh5 34. Kh2 Rg8 35.
Bf3+ Nxf3+ 36. R4xf3 Rxf3 37. Rxf3 e5 38. Rd3 Be6 39.
Rxd6 Kg6 40. Rd2 Rh8 41. Rd3 Kxf6 42. Kg2 Rxh3 43. Rxh3 Bxh3+ 44. Kxh3 Kg5 45. Kg3 f5 46. Kf3 c4 47. exf5 Kxf5 48. Ke3 a5 49. Kf3 e4+ 50. Ke3 Ke5 0-1

[Event "Early-Titled-Tuesday-Blitz-March-19-2024"]
[Site "Chess.com"]
[Date "2024.03.19"]
[Round "3"]
[White "balack95"]
[Black "Korchmar_Vasiliy"]
[Result "0-1"]
[WhiteElo "2468"]
[BlackElo "2685"]
[TimeControl "180+1"]
[EndTime "8:28:58 PDT"]
[Termination "Korchmar_Vasiliy won by resignation"]

1. d4 Nf6 2. c4 c6 3. Nc3 d5 4.
cxd5 cxd5 5. Bf4 Nc6 6. e3 Bg4 7. Nf3 a6 8. Be2 e6 9. O-O Bd6 10. Bg3 Bxg3 11. hxg3 O-O 12. Rc1 Rc8 13. a3 h6 14. b4 Bxf3 15. gxf3 b5 16. f4 Nd7 17. f5 Nb6 18. fxe6 fxe6 19. Bg4 Qd6 20. a4 bxa4 21. Nxa4 Nxa4 22. Qxa4 Nxb4 23. Rc5 Nd3 24. Rxc8 Rxc8 25.
Ra1 Nb4 26. Bxe6+ Qxe6 27. Qxb4 h5 28. Qb7 Rc6 29. Qb8+ Kh7 30. Qf4 Qg6 31. Kg2 Rf6 32.
Qe5 Qc2 33. Qxh5+ Rh6 34. Qd1 Qe4+ 35. Qf3 Rh2+ 36. Kxh2 Qxf3 37. Ra2 Qf6 38. Kg2 Qb6 39.
Kf3 a5 40. Kf4 Qb4 41. Ke5 a4 42. f4 a3 43. f5 Qb3 44. Rh2+ Kg8 45. e4 a2 46.
Rxa2 Qxa2 47. exd5 Kf7 0-1

[Event "Early-Titled-Tuesday-Blitz-March-19-2024"]
[Site "Chess.com"]
[Date "2024.03.19"]
[Round "3"]
[White "vladgoncharov"]
[Black "IngOscarArdila"]
[Result "1-0"]
[WhiteElo "2624"]
[BlackElo "2406"]
[TimeControl "180+1"]
[EndTime "8:28:58 PDT"]
[Termination "vladgoncharov won by checkmate"]

1. d4 Nf6 2. c4 e6 3. Nc3 d5 4.
cxd5 exd5 5. Bg5 c6 6. e3 Be7 7. Bd3 Nbd7 8. Nge2 O-O 9. O-O Nh5 10. Bxe7 Qxe7 11. Qb1 Nhf6 12. b4 a6 13. a4 Re8 14.
b5 axb5 15. axb5 Rxa1 16. Qxa1 c5 17. Qa7 c4 18. Bf5 Nf8 19. Bxc8 Rxc8 20. Ra1 Ne6 21. Qb6 h6 22. h3 Qc7 23. Qxc7 Rxc7 24. Ra8+ Kh7 25.
f3 g5 26. Kf2 Kg6 27. g4 h5 28.
Ng3 hxg4 29. hxg4 Ng7 30. Rd8 Ne6 31. Rd6 Ne8 32. Rb6 Rd7 33. Nf5 Ng7 34. e4 dxe4 35.
fxe4 Kh7 36. Nd5 Ne8 37. Ke3 Nf4 38. Rh6+ Kg8 39. Nde7+ Rxe7 40. Nxe7+ Kf8 41. Nf5 c3 42. Rh8# 1-0

[Event "Early-Titled-Tuesday-Blitz-March-19-2024"]
[Site "Chess.com"]
[Date "2024.03.19"]
[Round "3"]
[White "agvania123"]
[Black "Lovetov"]
[Result "1-0"]
[WhiteElo "2416"]
[BlackElo "2547"]
[TimeControl "180+1"]
[EndTime "8:28:59 PDT"]
[Termination "agvania123 won by resignation"]

1. c4 c5 2. Nc3 Nc6 3. Nf3 g6 4. e4 Bg7 5. g3 e6 6. Bg2 Nge7 7. O-O O-O 8. d3 a6 9. Be3 Nd4 10. Qd2 d6 11. Bh6 Nec6 12. Bxg7 Kxg7 13. Nxd4 Nxd4 14.
Ne2 Nxe2+ 15. Qxe2 e5 16. f4 f6 17. f5 b5 18. b3 g5 19. h4 h6 20. hxg5 hxg5 21. Kf2 Bd7 22. Rh1 Be8 23. Rh2 Rh8 24. Rxh8 Kxh8 25.
Rh1+ Kg8 26. Bf3 Ra7 27. Ke3 Rh7 28. Rxh7 Kxh7 29. Qh2+ Kg7 30. Bh5 Bc6 31. Bg6 Qh8 32.
Qxh8+ Kxh8 33. Bf7 Kg7 34. Be6 Kf8 35. Bc8 a5 36.
Ba6 bxc4 37. bxc4 Kg7 38. Bb5 Bb7 39. Kd2 Kf8 40. Kc3 Ke7 41. Kb3 Kd8 42. Ka4 Kc7 43.
Kxa5 Bc8 44. Be8 Bb7 45. Kb5 Bc8 46. Bc6 Bb7 47. Bxb7 Kxb7 48. g4 Kc7 49. a4 Kb7 50.
a5 Kc7 51. a6 Kd7 52. a7 1-0

[Event "Early-Titled-Tuesday-Blitz-March-19-2024"]
[Site "Chess.com"]
[Date "2024.03.19"]
[Round "3"]
[White "alexrustemov"]
[Black "djano"]
[Result "1-0"]
[WhiteElo "2879"]
[BlackElo "2621"]
[TimeControl "180+1"]
[EndTime "8:29:00 PDT"]
[Termination "alexrustemov won on time"]

1. d4 d6 2. Nf3 g6 3. c4 Bg7 4. g3 Nf6 5. Bg2 O-O 6. Nc3 Nc6 7. O-O e5 8. h3 exd4 9. Nxd4 Bd7 10. Be3 Re8 11.
Qd2 Qc8 12. Kh2 Ne5 13. b3 a6 14. Rac1 Qd8 15. Bg5 Rb8 16. Nd5 Nc6 17. Nc2 Re5 18. f4 Rxg5 19. fxg5 Nh5 20. Bf3 f5 21. gxf6 Nxf6 22. Nce3 Ne5 23. Nxf6+ Bxf6 24. Nd5 Bg7 25. Bg2 h5 26. Qf4 Kh8 27. Rf2 Be6 28. Rcf1 c6 29.
Nf6 Qe7 30. Ne4 Rd8 31. Qg5 Qc7 32. c5 d5 33. Nd6 Rxd6 34. cxd6 Qxd6 35. Rf6 Kh7 36.
Qf4 Bxf6 37. Qxf6 h4 38. Qxh4+ Kg8 39. Qf6 d4 40. Rf4 d3 41. exd3 Nf7 42. Qxg6+ Kf8 43. Rxf7+ 1-0

[Event "Early-Titled-Tuesday-Blitz-March-19-2024"]
[Site "Chess.com"]
[Date "2024.03.19"]
[Round "3"]
[White "KnightmareJoker"]
[Black "SlavenPastar"]
[Result "0-1"]
[WhiteElo "2296"]
[BlackElo "2585"]
[TimeControl "180+1"]
[EndTime "8:29:00 PDT"]
[Termination "SlavenPastar won by resignation"]

1. e4 b6 2. d4 Bb7 3. Nc3 e6 4. Be3 Bb4 5. f3 Bxc3+ 6. bxc3 d6 7. Bd3 Nd7 8. Ne2 Ngf6 9. O-O e5 10. d5 Nc5 11. Bb5+ Nfd7 12. Bxc5 bxc5 13. f4 exf4 14. Nxf4 O-O 15. Bxd7 Qxd7 16. Qf3 Ba6 17. Rf2 Rab8 18.
Nh5 Qe7 19. Qg3 f6 20. Rf4 Kh8 21. Rh4 g5 22. Rh3 Bc8 23. Rf1 Bxh3 24. Qxh3 Qxe4 25. Nxf6 Qg6 26. Qe6 Rf7 27. Rf2 Rbf8 28. Ng4 Rxf2 29. Nxf2 Qxe6 30. dxe6 Re8 31. Ne4 h6 32. Nf6 Rxe6 33.
Nd5 c6 34. Nc7 Re2 35. h3 Kg8 36. Kf1 Rxc2 37. Ne8 Rxa2 38. Nxd6 a5 39. Nb7 a4 40. Nxc5 a3 41. Nb3 Rb2 0-1

[Event "Early-Titled-Tuesday-Blitz-March-19-2024"]
[Site "Chess.com"]
[Date "2024.03.19"]
[Round "3"]
[White "emeli_chess"]
[Black "Aswathchess"]
[Result "0-1"]
[WhiteElo "2420"]
[BlackElo "2625"]
[TimeControl "180+1"]
[EndTime "8:29:01 PDT"]
[Termination "Aswathchess won on time"]

1. d4 Nf6 2. c4 c5 3. d5 e6 4. Nc3 exd5 5. cxd5 d6 6. Nf3 g6 7. h3 Bg7 8. e4 O-O 9. Bd3 b5 10. Nxb5 Re8 11. O-O Nxe4 12. Re1 a6 13. Na3 Nf6 14. Rxe8+ Nxe8 15. Nc4 Nd7 16. Bg5 Ndf6 17. Qd2 Bb7 18.
Rd1 Bxd5 19. Be2 Qc7 20. b3 a5 21. Qf4 Be6 22. Bxf6 Bxf6 23. Ng5 Bxg5 24. Qxg5 a4 25. Bf3 Rb8 26. Qe3 axb3 27. axb3 Rd8 28. Bd5 Bxd5 29.
Rxd5 Nf6 30. Rd1 d5 31. Qe5 Qxe5 32. Nxe5 Rb8 33. Nc6 Rb7 34. g4 g5 35. Kg2 Kg7 36.
Kg3 Rxb3+ 37. f3 Ne4+ 38. Kg2 Rb2+ 39. Kg1 Nc3 40. Rd3 d4 41. Ne5 Rc2 42. Nc4 Ne2+ 43. Kf1 Nf4 0-1

[Event "Early-Titled-Tuesday-Blitz-March-19-2024"]
[Site "Chess.com"]
[Date "2024.03.19"]
[Round "3"]
[White "Lady_Nika"]
[Black "Aleksandar-Topalov"]
[Result "1-0"]
[WhiteElo "2583"]
[BlackElo "2281"]
[TimeControl "180+1"]
[EndTime "8:29:01 PDT"]
[Termination "Lady_Nika won on time"]

1. e4 e6 2. d4 d5 3. exd5 exd5 4.
Nf3 Bd6 5. Bd3 Ne7 6. O-O h6 7.
c4 c6 8. Nc3 dxc4 9. Bxc4 O-O 10. Ne4 Bg4 11. h3 Bh5 12. g4 Bg6 13. Nxd6 Qxd6 14. Ne5 Nd5 15. a4 Nd7 16. f4 Be4 17. Qe2 f5 18. Be3 Kh7 19. Rae1 Nb4 20. g5 Bd5 21.
gxh6 gxh6 22. Kh2 Rg8 23. Rg1 Bxc4 24. Qxc4 Nd5 25. Qd3 Nxe5 26. fxe5 Qe6 27. Ref1 Rxg1 28. Bxg1 Rf8 29. Rf3 Kh8 30. b4 f4 31. b5 Rg8 32.
bxc6 bxc6 33. Bf2 Qf7 34. Be1 Qg7 35. Qf1 Qg6 36. Bd2 Qe4 37. Qf2 Qf5 38. Qh4 Qe4 39.
Qxh6+ Qh7 40. Qxh7+ Kxh7 41. Bxf4 Rf8 42. e6 Re8 43.
Be5 Rxe6 44. Rf7+ Kg6 45. Rxa7 c5 46. Rd7 1-0

[Event "Early-Titled-Tuesday-Blitz-March-19-2024"]
[Site "Chess.com"]
[Date "2024.03.19"]
[Round "3"]
[White "Iskusnyh"]
[Black "ViktoriyaTarasova"]
[Result "1-0"]
[WhiteElo "2639"]
[BlackElo "2312"]
[TimeControl "180+1"]
[EndTime "8:29:01 PDT"]
[Termination "Iskusnyh won by resignation"]

1. d4 Nf6 2. c4 e6 3. g3 d5 4. Bg2 Bb4+ 5. Nd2 O-O 6. Nf3 dxc4 7. Qc2 c5 8. O-O cxd4 9. Qxc4 Nc6 10. Nb3 Qb6 11.
Nfxd4 Nxd4 12. Qxd4 Qxd4 13. Nxd4 e5 14. Nb5 Bd7 15.
Nc3 Rab8 16. Bd2 h6 17. Rfd1 Rfd8 18. a3 Be7 19. Be3 b6 20. h3 Be6 21. Nb5 Rxd1+ 22. Rxd1 a6 23. Na7 Bd7 24. Nc6 Bxc6 25. Bxc6 Bc5 26.
Bc1 a5 27. Kg2 Rc8 28. Ba4 Ne4 29. f3 Nf6 30. g4 Bf8 31. h4 Rc4 32. Bb3 Rc7 33.
g5 hxg5 34. hxg5 Nh5 35. g6 Nf4+ 36. Bxf4 exf4 37. Rd8 Re7 38. gxf7+ 1-0

[Event "Early-Titled-Tuesday-Blitz-March-19-2024"]
[Site "Chess.com"]
[Date "2024.03.19"]
[Round "3"]
[White "Alenzer"]
[Black "NovakRatko"]
[Result "0-1"]
[WhiteElo "2151"]
[BlackElo "2401"]
[TimeControl "180+1"]
[EndTime "8:29:01 PDT"]
[Termination "NovakRatko won by resignation"]

1. e4 d5 2. exd5 c6 3. dxc6 Nxc6 4. Nc3 e5 5. d3 Bc5 6. Nf3 f5 7.
Bg5 Qb6 8. Nd5 Bxf2+ 9. Ke2 Qa5 10. Kxf2 Qxd5 11. c4 Qd6 12. Be2 h6 13. Be3 f4 14.
Bd2 Qc5+ 15. Kf1 Nf6 16. a3 a5 17. Rb1 a4 18. Bc3 O-O 19. Qe1 Ng4 20. Bd2 Bf5 21.
h3 Ne3+ 22. Bxe3 fxe3 23. Kg1 Rad8 24. Rd1 e4 25. dxe4 Bxe4 26. Rxd8 Rxd8 27. Qg3 Bd3 28. Bxd3 Rxd3 29. Kh2 Qxc4 30. Re1 Qe4 31. Nh4 e2 32. Qf2 Nd4 33. Nf3 Rxf3 34. gxf3 Nxf3+ 35. Kg3 Nxe1 36. Qxe1 Qe5+ 37. Kf2 Qxb2 38. Qxe2 Qxe2+ 39. Kxe2 Kf7 40. Kd3 g5 41. Kc4 h5 42. Kb4 g4 43. Kxa4 gxh3 0-1